 Dungeon Crawl Stone Soup version 0.23.0 (webtiles) character file.

Game seed: 2848929105650393850

220 Brecoman the Conjurer (level 5, -1/44 HPs)
             Began as a Draconian Conjurer on Feb 8, 2019.
             Killed from afar by an orc wizard (6 damage)
             ... with a puff of frost
             ... on level 2 of the Dungeon.
             The game lasted 00:18:29 (3151 turns).

Brecoman the Conjurer (Draconian Conjurer)          Turns: 3151, Time: 00:18:29

Health: -1/44      AC:  5    Str: 11    XL:     5   Next: 64%
Magic:  1/9        EV: 13    Int: 16    God:
Gold:   137        SH:  0    Dex: 11    Spells: 0/10 levels left

rFire    . . .     SeeInvis .   (no weapon)
rCold    . . .     Gourm    .   (no shield)
rNeg     . . .     Faith    .   (armour unavailable)
rPois    .         Spirit   .   (helmet restricted)
rElec    .         Reflect  .   (no cloak)
rCorr    .         Harm     .   (no gloves)
MR       .....                  (no boots)
Stlth    ++........             (no amulet)
HPRegen  0.14/turn              (no ring)
MPRegen  0.11/turn              (no ring)

@: no status effects
A: unfitting armour, cold-blooded, AC +5
a: no special abilities


You were on level 2 of the Dungeon.
You were not hungry.

You visited 1 branch of the dungeon, and saw 4 of its levels.

You collected 137 gold pieces.

Inventory:

Missiles
 i - 68 stones (quivered)
Jewellery
 k - an uncursed ring of magical power {unknown}
Scrolls
 f - a scroll of teleportation {unknown}
 h - 2 scrolls of amnesia {unknown}
 j - a scroll of immolation {unknown}
 l - a scroll of remove curse {unknown}
 m - a scroll of fog {unknown}
Potions
 a - a potion of might {unknown}
 d - 2 potions of resistance {unknown}
 e - 2 potions of curing {unknown}
 g - a potion of berserk rage {unknown}
 n - a potion of lignification {unknown}
Comestibles
 b - 5 rations
 c - 3 chunks of flesh


   Skills:
 + Level 2.8 Fighting
 + Level 3.0 Dodging
 - Level 1.7 Stealth
 + Level 3.2 Spellcasting
 * Level 4.9 Conjurations


You couldn't memorise any spells.
You knew the following spells:

 Your Spells              Type           Power        Failure   Level  Hunger
a - Magic Dart            Conj           ###.         2%          1    None
b - Searing Ray           Conj           ###...       3%          2    ##.....
c - Dazzling Spray        Conj/Hex       ##....       21%         3    ###....
d - Iskenderun's Mystic   Conj           ###.....     24%         4    ####...

Your spell library contained the following spells:

 Spells                   Type           Power        Failure   Level  Hunger
 Force Lance              Conj/Tloc      ##......     54%         4    ####...
 Fulminant Prism          Conj/Hex       ##........   54%         4    ####...


Dungeon Overview and Level Annotations

Branches:
Dungeon (4/15)
 Temple: D:4-7

Altars:


Innate Abilities, Weirdness & Mutations

Your plain brown scales are hard. (AC +5)
You cannot fit into any form of body armour.
You are cold-blooded and may be slowed by cold attacks.


Message History

* * * LOW HITPOINT WARNING * * *
The orc wizard misses you.
The orc wizard hits you with a cursed -1 dagger.
* * * LOW HITPOINT WARNING * * *
There is a stone staircase leading up, spattered with blood here.
The orc wizard points at you and mumbles some strange words.
The puff of frost hits you.
* * * LOW HITPOINT WARNING * * *
You climb upwards.
There is a stone staircase leading down here.
The orc wizard hits you but does no damage.
The orc wizard is no longer moving quickly.
The orc wizard hits you but does no damage.
There is a stone staircase leading up here.
The orc wizard misses you.
You climb upwards.
There is a stone staircase leading down here.
The orc wizard casts a spell at you. The puff of frost hits you.
You die...

...........# #)......#
...........############
.....................#
....##.....###.....#.#
....##.....# #.###.#.#
###.######.# #.# #.#.#
....# #.# #.###.#.###
....# #.# #o>.#.....#
....# #.# ###@#...#รท#
....######.###
#.#.###.#
.............#
#.#...#.#
.............#
#.###.#.#
##...........#
#.###.#.# #...........#
#.....#.# #...........#
#######.# #...........#
#.......#
#...........###.#######


You could see an orc wizard.

Vanquished Creatures
  An ogre (D:3)
  A worker ant (D:3)
  3 adders
  2 worms (D:2)
  2 dart slugs
  6 orcs (D:3)
  8 bats
  2 giant cockroaches (D:1)
  10 goblins
  15 hobgoblins
  7 kobolds
  A ball python (D:2)
  10 frilled lizards
  A leopard gecko skeleton (D:4)
  7 rats
76 creatures vanquished.

Notes
Turn   | Place    | Note
-------+----------+-------------------------------------------
     0 | D:1      | Brecoman the Draconian Conjurer began the quest for the
                  | Orb.
     0 | D:1      | Reached XP level 1. HP: 14/14 MP: 3/3
   275 | D:1      | Reached XP level 2. HP: 22/22 MP: 0/5
   649 | D:1      | Reached skill level 1 in Fighting
  1012 | D:1      | Reached XP level 3. HP: 20/28 MP: 2/6
  1241 | D:2      | Learned a level 2 spell: Searing Ray
  1245 | D:2      | Learned a level 3 spell: Dazzling Spray
  1897 | D:2      | Reached XP level 4. HP: 26/36 MP: 0/7
  2231 | D:3      | Noticed an ogre
  2244 | D:3      | Killed an ogre
  2244 | D:3      | Reached XP level 5. HP: 42/42 MP: 1/9
  3055 | D:4      | Learned a level 4 spell: Iskenderun's Mystic Blast
  3110 | D:4      | Noticed a phantom
  3151 | D:2      | Killed from afar by an orc wizard

Skill      XL: |  1  2  3  4  5 |
---------------+----------------+-----
Dodging        | 2 3 |  3.0
Fighting       | 1 2 |  2.8
Spellcasting   | 3 |  3.2
Stealth        | |  1.7
Conjurations   | |  4.9

Action                   |  1- 3 |  4- 6 || total
-------------------------+-------+-------++-------
Melee: Unarmed           |    61 |     8 ||    69
       Tailslap          |     7 |       ||     7
 Cast: Magic Dart        |    97 |    51 ||   148
       Searing Ray       |     1 |     5 ||     6
       Dazzling Spray    |     1 |     1 ||     2
  Eat: Chunk             |     4 |     5 ||     9
Armor: Skin              |    31 |     6 ||    37
Dodge: Dodged            |    59 |    20 ||    79
